 Dungeon Crawl Stone Soup version 0.15.0-14-g6bbbb5c (webtiles) character file.

3245 CrazyArbalest the Quickloader (level 9, -1/65 HPs)
             Began as a Demonspawn Hunter on Sept 3, 2014.
             Was a Believer of Okawaru.
             Slain by a warg (12 damage)
             ... on Level 8 of the Dungeon on Sept 4, 2014.
             The game lasted 01:07:07 (9473 turns).

CrazyArbalest the Quickloader (Demonspawn Hunter)   Turns: 9473, Time: 01:07:07

HP  -1/65        AC  9     Str 13      XL: 9   Next: 67%
MP  12/12        EV 14     Int 13      God: Okawaru [**....]
Gold 433         SH  6     Dex 16      Spells:  0 memorised,  8 levels left

rFire  + . .     SeeInvis .     a - +0 flail
rCold  . . .     Clarity  .     A - +2 robe {MR+}
rNeg   . . .     rCorr    .     h - +2 buckler
rPois  .         rRot     .     (helmet restricted)
rElec  .         Spirit   .     Q - +0 cloak
SustAb .         Warding  .     (no gloves)
rMut   .         Stasis   .     G - +2 pair of boots
Gourm  .                        (no amulet)
MR     +....                    S - ring of stealth
                                (no ring)

@: somewhat resistant to hostile enchantments, fairly stealthy
A: antennae 1, molten scales 1, fire resistance 1, powered by death 2
a: Heroism, Renounce Religion


You were on level 8 of the Dungeon.
You worshipped Okawaru.
Okawaru was pleased with you.
You were not hungry.

You visited 1 branch of the dungeon, and saw 8 of its levels.
You also visited: Ossuary.

You collected 433 gold pieces.

Inventory:

Hand weapons
 a - a +0 flail (weapon)
 b - a +1 hand crossbow
 d - a +3 flail
 i - a +3 mace
 t - a cursed +3 morningstar
 U - a +0 whip
Missiles
 c - 11 bolts
 y - a bolt of frost
Armour
 h - a +2 buckler (worn)
 A - a +2 robe of magic resistance (worn)
 B - a cursed +0 ring mail
 G - a +2 pair of boots (worn)
 Q - a +0 cloak (worn)
Magical devices
 u - a wand of draining (0)
 O - a wand of slowing (6)
 V - a wand of random effects (15)
Comestibles
 f - 3 bread rations
 n - 3 royal jellies
 s - 5 meat rations
 z - a beef jerky
Scrolls
 j - 3 scrolls of amnesia
 k - 2 scrolls of immolation
 o - 2 scrolls of noise
 p - 2 scrolls of magic mapping
 r - 5 scrolls of teleportation
 C - 2 scrolls of fog
 F - a scroll of random uselessness
 H - a scroll of silence {unknown}
 J - 2 scrolls of blinking
 N - a scroll of acquirement {unknown}
 R - a scroll of recharging {unknown}
 W - a scroll of fear
 Y - a scroll of enchant armour {unknown}
 Z - a scroll of vulnerability {unknown}
Jewellery
 L - an uncursed ring of ice
 S - a ring of stealth (right hand)
Potions
 e - 3 potions of might {unknown}
 g - 4 potions of restore abilities {unknown}
 m - a potion of agility {unknown}
 q - a potion of porridge
 v - a potion of flight {unknown}
 x - 3 potions of cure mutation {unknown}
 D - 2 potions of curing {unknown}
 E - a potion of resistance {unknown}
 I - a potion of mutation {unknown}
 K - a potion of cancellation {unknown}
 P - a potion of invisibility {unknown}
 X - 2 potions of poison {unknown}
Books
 T - a book of Unlife

   Spells                             Type                      Level
   Recall                             Summoning/Translocation      3
   Animate Dead                       Necromancy                   4
   Control Undead                     Necromancy                   4
   Twisted Resurrection               Necromancy                   5
   Death Channel                      Necromancy                   6
   Simulacrum                         Ice/Necromancy               6


   Skills:
 + Level 3.8 Fighting
 * Level 5.2 Maces & Flails
 * Level 8.9 Crossbows
 + Level 3.2 Armour
 + Level 5.7 Dodging
 + Level 1.7 Stealth
 + Level 0.3 Shields
 + Level 0.3 Invocations
 + Level 2.1 Evocations


You had 8 spell levels left.
You didn't know any spells.

Dungeon Overview and Level Annotations

Branches:
Dungeon (8/15)             Temple (0/1) D:7            Lair (0/8) D:8

Altars:
Kikubaaqudgha
Okawaru
Sif Muna
Trog
Vehumet
Xom
Yredelemnul
The Shining One

Annotations:
D:4 Patate's ghost, average GrFi
D:5 Prince Ribbit


Innate Abilities, Weirdness & Mutations

You have a pair of small antennae on your head.
You are partially covered in molten scales (AC +1).
Your flesh is heat resistant.
You can steal the life force of defeated enemies.


Message History

Press: ? - help, Shift-Dir - straight line Something bites you.
* * * LOW HITPOINT WARNING * * *
Evoke which item? (* to show all) (? for menu, Esc to quit)
Zapping:
u - a wand of draining {zapped: 5}
Press: ? - help, Shift-Dir - straight line Something bites you but does no damage.
You block its attack.
Evoke which item? (* to show all) (? for menu, Esc to quit)
Zapping:
u - a wand of draining {zapped: 6}
Press: ? - help, Shift-Dir - straight line, f - you
Okay, then.
Unknown command.
Unknown command.
Unknown command.
Unknown command.
Evoke which item? (* to show all) (? for menu, Esc to quit)
Zapping:
u - a wand of draining {zapped: 6}
Press: ? - help, Shift-Dir - straight line Nothing appears to happen.
Something bites you!
You die...

.......##.# ..#
#.##.### .#.#
#......#
.#.###......######
.................#
##.###......####.#
#.# #......# #.#
##.###.##.### #.#
.....[>##.# #@#
##.######.# #{#
##)# #.# #.# ...#
#.# #.# ...# #.#
#.# ...# #.# #.#
...# #.# #.# .#.#
#.# .#.# #.#


There were no monsters in sight!

Vanquished Creatures
  A wraith (D:7)
  A warg (D:8)
  A swamp drake (D:6)
  3 orc warriors
  2 sky beasts
  2 ice beasts
  A necrophage (D:7)
  2 phantoms
  5 ogres
  An elf zombie (Ossuary)
  Blork the orc (D:5)
  4 giant frogs
  3 scorpions
  4 wights (D:7)
  A centaur zombie (Ossuary)
  An orc priest (D:8)
  A jelly (D:5)
  A centaur skeleton (D:4)
  2 human zombies (Ossuary)
  3 iguanas
  5 orc wizards
  5 worker ants
  Ijyb (D:6)
  2 mummies (Ossuary)
  4 gnolls (D:7)
  A green rat (D:5)
  7 adders
  10 orc zombies
  A shadow imp (D:5)
  2 giant mites
  3 adder zombies (Ossuary)
  6 giant geckos
  18 orcs
  7 giant cockroaches
  14 goblins
  8 hobgoblins
  12 jackals
  12 kobolds
  2 oozes
  2 quokkas
  2 ball pythons
  17 bats
  2 giant newts
  A giant spore (D:6)
  2 goblin zombies
  8 hobgoblin zombies (Ossuary)
  A jackal zombie (Ossuary)
  10 kobold zombies (Ossuary)
  A quokka zombie (D:7)
  13 rats
  A rat zombie (Ossuary)
  3 ballistomycetes (D:6)
223 creatures vanquished.

Notes
Turn   | Place    | Note
--------------------------------------------------------------
     0 | D:1      | CrazyArbalest, the Demonspawn Hunter, began the quest for the Orb.
     0 | D:1      | Reached XP level 1. HP: 15/15 MP: 1/1
   178 | D:1      | Reached skill level 4 in Crossbows
   329 | D:1      | Gained mutation: You can steal the life force of nearby defeated enemies. [demonic ancestry]
   329 | D:1      | Reached XP level 2. HP: 21/21 MP: 2/2
  1481 | D:2      | Gained mutation: You can steal the life force of defeated enemies. [demonic ancestry]
  1481 | D:2      | Reached XP level 3. HP: 23/26 MP: 3/3
  2006 | D:3      | Reached skill level 1 in Stealth
  2297 | D:3      | Reached skill level 1 in Maces & Flails
  2297 | D:3      | Reached skill level 1 in Armour
  2297 | D:3      | Reached XP level 4. HP: 25/32 MP: 4/4
  2368 | D:3      | Found a deep blue altar of Sif Muna.
  3088 | D:4      | Reached XP level 5. HP: 34/38 MP: 5/5
  3447 | D:4      | Noticed Patate's ghost (average GrFi)
  4152 | D:4      | Noticed an ogre
  4155 | D:4      | Killed an ogre
  4155 | D:4      | Reached XP level 6. HP: 44/44 MP: 6/6
  4420 | D:5      | Entered Level 5 of the Dungeon
  4420 | D:5      | Noticed Prince Ribbit
  4490 | D:5      | Noticed Blork the orc
  4499 | D:5      | Killed Blork the orc
  4566 | D:5      | Found a bloodstained altar of Trog.
  4581 | D:5      | Reached skill level 5 in Crossbows
  4713 | D:5      | Found a shimmering altar of Xom.
  4786 | D:5      | Gained mutation: Your flesh is heat resistant. [demonic ancestry]
  4786 | D:5      | Reached XP level 7. HP: 51/51 MP: 7/7
  4863 | D:5      | Found a radiant altar of Vehumet.
  4991 | D:5      | Reached skill level 1 in Evocations
  5319 | D:5      | Found an iron altar of Okawaru.
  5320 | D:5      | Found an ancient bone altar of Kikubaaqudgha.
  5320 | D:5      | Found a glowing golden altar of the Shining One.
  5325 | D:5      | Became a worshipper of Warmaster Okawaru
  5328 | D:5      | Found a basalt altar of Yredelemnul.
  6055 | D:6      | Reached skill level 6 in Crossbows
  6055 | D:6      | Gained mutation: You have a pair of small antennae on your head. [demonic ancestry]
  6055 | D:6      | Reached XP level 8. HP: 55/58 MP: 9/9
  6525 | D:6      | Noticed Ijyb
  6569 | D:6      | Killed Ijyb
  6572 | D:6      | Acquired Okawaru's first power
  6572 | D:6      | Reached skill level 7 in Crossbows
  6799 | D:6      | Found a radiant altar of Vehumet.
  7181 | D:7      | Found a sand-covered staircase.
  7226 | Ossuary  | Entered an ossuary
  8048 | D:7      | Reached skill level 5 in Dodging
  8048 | D:7      | Gained mutation: You are partially covered in molten scales (AC +1). [demonic ancestry]
  8048 | D:7      | Reached XP level 9. HP: 13/64 MP: 9/11
  8284 | D:7      | Reached skill level 8 in Crossbows
  8495 | D:7      | Found a staircase to the Ecumenical Temple.
  8883 | D:7      | Reached skill level 5 in Maces & Flails
  9310 | D:8      | Found a staircase to the Lair.
  9473 | D:8      | Slain by a warg

Action                   |  1- 3 |  4- 6 |  7- 9 || total
-------------------------+-------+-------+-------++-------
Melee: Mace              |   105 |       |       ||   105
       Flail             |       |   124 |   538 ||   662
 Fire: Hand crossbow     |    19 |    30 |   216 ||   265
Invok: Heroism           |       |       |     3 ||     3
Evoke: Wand              |       |     7 |    39 ||    46
  Use: Scroll            |       |       |    10 ||    10
       Potion            |       |       |     4 ||     4
 Stab: Sleeping          |       |       |     3 ||     3
       Distracted        |       |       |     1 ||     1
  Eat: Chunk             |     4 |     8 |     8 ||    20
       Bread ration      |       |       |     2 ||     2
